 Dungeon Crawl Stone Soup version 0.28-a0-1505-g8c907de6ad (webtiles) character file.

Game seed: 15690995016274854365

37 funkygono the Skirmisher (level 3, -1/29 HPs)
             Began as a Human Cinder Acolyte on Jan 13, 2022.
             Was a High Priest of Ignis.
             Slain by an adder (5 damage)
             ... on level 2 of the Dungeon.
             The game lasted 00:02:06 (2269 turns).

funkygono the Skirmisher (Human Cinder Acolyte)     Turns: 2269, Time: 00:02:06

Health: -1/29      AC:  2    Str: 16    XL:     3   Next: 62%
Magic:  3/4        EV: 11    Int: 14    God:    Ignis [*****.]
Gold:   26         SH:  0    Dex:  8    Spells: 2/4 levels left

rFire   + . .      SeeInvis .   a - -1 falchion (flame)
rCold   . . .      Faith    .   (no shield)
rNeg    . . .      Spirit   .   b - +0 robe
rPois   .          Reflect  .   (no helmet)
rElec   .          Harm     .   (no cloak)
rCorr   .          Rampage  .   (no gloves)
Will    .....                   (no boots)
Stlth   +.........              (no amulet)
HPRegen 0.09/turn               (no ring)
MPRegen 0.09/turn               (no ring)

@: no status effects
A: no striking features
a: Renounce Religion, Fiery Armour, Foxfire Swarm, Rising Flame


You were on level 2 of the Dungeon.
You worshipped Ignis.
Ignis was extremely pleased with you.
You visited 1 branch of the dungeon, and saw 2 of its levels.

You collected 26 gold pieces.

Inventory:

Hand Weapons
 a - a -1 falchion of flaming (weapon)
Armour
 b - a +0 robe (worn)
Scrolls
 c - a scroll of enchant armour {unknown}
 e - 3 scrolls of teleportation {unknown}
 f - a scroll of brand weapon {unknown}
 i - a scroll of identify {unknown}
 k - a scroll of silence {unknown}
Potions
 d - a potion of mutation {unknown}
 g - a potion of cancellation {unknown}
 h - a potion of ambrosia {unknown}
 j - a potion of curing {unknown}


   Skills:
 + Level 3.4 Fighting
 + Level 3.3 Long Blades
 + Level 0.5 Dodging
 + Level 1.2 Spellcasting
 + Level 3.3 Fire Magic


You had 2 spell levels left.
You knew the following spells:

 Your Spells              Type           Power      Damage    Failure   Level
a - Scorch                Fire           20%        2d6       10%         2

Your spell library contained the following spells:

 Spells                   Type           Power      Damage    Failure   Level
 Apportation              Tloc           0%         N/A       26%         1
 Shock                    Conj/Air       0%         1d3       26%         1
 Swiftness                Air            0%         N/A       61%         3
 Airstrike                Air            0%         N/A       95%         4
 Alistair's Intoxication  Tmut/Pois      0%         N/A       100%        5


Dungeon Overview and Level Annotations

Branches:
Dungeon (2/15)

Altars:

Shops:
D:1 (


Message History

You open the door.
There is an open door here.
Found 17 bolts.
You open the door.
There is an open door here.
You open the door.
There is an open door here.
You open the door.
A goblin, an adder and an endoplasm come into view.
The goblin is wielding a +0 dagger and quivering poisoned darts.
The endoplasm quivers.
There is an open door here.
Casting: Scorch (safe; 10% risk of failure)
Confirm with . or Enter, or press ? or * to list all spells.
Flames lash the endoplasm.
You kill the endoplasm!
The goblin shouts!
The adder hisses angrily.
The goblin throws a poisoned dart.
The poisoned dart hits you!
You are poisoned.
You feel sick.
You close the door.
You feel sick.
You start resting.
You feel sick. x3
A goblin opens the door.
It is wielding a +0 dagger and quivering poisoned darts.
You miss the adder.
You feel sick. The adder bites you.
You are more poisoned.
The adder poisons you!
You barely miss the adder.
You feel very sick. The adder bites you but does no damage.
The adder closely misses you.
You miss the adder.
You feel sick. The adder bites you.
You barely miss the adder.
You feel sick. The adder misses you. The adder barely misses you.
You miss the adder.
You feel sick. The adder misses you.
You closely miss the adder.
You feel sick. The adder barely misses you. The adder bites you.
* * * LOW HITPOINT WARNING * * *
You closely miss the adder.
You feel sick.
You are no longer poisoned.
The adder bites you.
You die...

### #.#
###############.#
#...............#
#.#############.# #.#
#####'## #.# #.......
#.# #....... #@#
#....... #S# #.......
#...g....... #.......
#........S.. #####'##
#........... #.#
#........... #.##
#...........######...
####'#####.........##
... .........##


You could see an adder and a goblin.

Vanquished Creatures
  2 worms (D:2)
  7 endoplasms
  3 goblins
  5 hobgoblins
  2 jackals (D:1)
  3 quokkas
  A ball python (D:1)
  A bat (D:2)
  A frilled lizard (D:1)
  2 kobolds (D:2)
27 creatures vanquished.

Notes
Turn   | Place    | Note
-------+----------+-------------------------------------------
     0 | D:1      | funkygono the Human Cinder Acolyte began the quest for the
                  | Orb.
     0 | D:1      | Reached XP level 1. HP: 18/18 MP: 2/2
   204 | D:1      | Reached XP level 2. HP: 1/24 MP: 3/3
   207 | D:1      | Learned a level 2 spell: Scorch
   633 | D:1      | Found Ichay's Antique Weapon Boutique.
  1149 | D:2      | Reached XP level 3. HP: 29/29 MP: 1/4
  1214 | D:2      | HP: 1/29 [worm (8)]
  2269 | D:2      | Slain by an adder

Illustrated notes

Levels and vault maps discovered:
D:1:      saegor_arrival_simple_b, layout_rooms, serial_shops, shop,
          nrook_loot_triangle, amcnicky_mini_rare_corridor_liquid
D:2:      layout_basic

Action                   || total
-------------------------++-------
Melee: Falchion          ||    70
       Punch             ||     1
 Cast: Scorch            ||    13
Armor: Robe              ||    12
Dodge: Dodged            ||    29

Table legend: (Time is in decaauts)
 A = Elapsed time spent in this place.
 B = Non-inter-level travel time spent in this place.
 C = Inter-level travel time spent in this place.
 D = Time resting spent in this place.
 E = Time spent auto-exploring this place.
 F = Levels seen in this place.
 G = Mean time per level.
                   A        B        C        D        E       F      G
               +--------+--------+--------+--------+--------+-----+--------+
         Total |   2278 |   2269 |      9 |      4 |   2011 |   2 | 1139.0 |
       Dungeon |   2278 |   2269 |      9 |      4 |   2011 |   2 | 1139.0 |
               +--------+--------+--------+--------+--------+-----+--------+

Top non-repeatable levels by time:
     D:2: 1165 daAuts
     D:1: 1112 daAuts
